Unix NetHack Version 5.0.0-0 post-release - last build Jun 10 2026 00:39:30 (3ee93aec679c4c4259841fe613dc97188e26a321,branch:main).

Game began 2026-06-12 20:21:16, ended 2026-06-12 20:36:41.

Drastanta, lawful male human Knight

                              --------------
    -----       --------      |............|                          --------
    |(.[|       |......-##0   |............|                          |......|
    |./[)#      |......|#     |............|                          |......|
    |...|#     #-......|#     |.............######  ----------        |......|
    |[..|#     #|......|#     -------.------     ###..........#@######-......|
    -----#     #--------#           ##              |........|u       |......|
         #     ###      #           #               |........|##      |......|
         #       #     ##           #               |..^...[.| #      -----.--
         #       #     #           ##               ---------- #         ###
         #       #     #           #                           #         #
         #       #     #           #                           ##        #
         # ------#     #           #                            #        #
         # |....|#    ##           #                            ##       #
         # |...>|#    #------------.-                          ####      #
         # |.....#    #|............|                            #---|---.-
         # |....|     #|............|                            #........|
         ##.....|     #.............|                             |....<[.|
           ------      --------------                             ---------

Drastanta the Esquire    St:15 Dx:8 Co:13 In:8 Wi:15 Ch:17  Lawful
Dlvl:5  $:49 HP:0(31) Pw:28(28) AC:2  Xp:4 T:1512  Hungry  

Latest messages:
 The leprechaun hits!
 Your purse feels lighter.
 The leprechaun vanishes!
 You are beginning to feel hungry.
 You find a hidden door.
 This door is locked.
 This door is locked.
 This door is locked.
 This door is locked.
 In what direction? 8
 Thwack!!
 In what direction? 8
 Whammm!!
 In what direction? 8
 Whammm!!
 In what direction? 8
 Thwack!!
 In what direction? 8
 Thwack!!
 In what direction? 8
 As you kick the door, it crashes open!
 In what direction? <esc>
 You swap places with your saddled pony.
 The kobold zombie hits!
 You destroy the kobold zombie!
 You see here a kobold corpse.
 You hit the pony.
 The pony misses!
 The pony bites!
 You hit the pony!
 The pony kicks!
 The pony bites!
 You miss the pony.
 The pony kicks!
 The pony bites!
 The pony kicks!
 The pony bites!
 You miss the pony.
 The pony kicks!
 The pony bites!
 You hit the pony.
 The pony kicks!
 The pony misses!
 The pony kicks!
 The pony bites!
 The pony kicks!
 The pony misses!
 The pony kicks!
 You die...
 Do you want your possessions identified? [ynq] (y) q

Inventory:
 Coins    ('$')
  $ - 49 gold pieces
 Weapons  (')')
  a - a +1 long sword (weapon in right hand)
 Armor    ('[')
  d - an uncursed +0 helmet (being worn)
  f - an uncursed +0 pair of leather gloves (being worn)
  e - an uncursed +0 small shield (being worn)
  C - an uncursed +0 cloak of magic resistance (being worn)
  c - an uncursed +1 ring mail (being worn)
 Comestibles  ('%')
  g - 3 uncursed apples
  F - an uncursed partly eaten apple
  h - 12 uncursed carrots
  y - an uncursed food ration
  m - an uncursed tripe ration
 Scrolls  ('?')
  k - an uncursed scroll of enchant weapon
  q - an uncursed scroll of identify
  A - an uncursed scroll of scare monster
  B - an uncursed scroll of teleportation
 Potions  ('!')
  o - a blessed potion of healing
  z - an uncursed potion of sickness
  n - an uncursed potion of sleeping
 Rings    ('=')
  p - a cursed ring of teleportation

Drastanta the Knight's attributes:

Background:
 You were an Esquire, a level 4 male human Knight.
 You were lawful, nominally on a mission for Lugh
 who was opposed by Brigit (neutral) and Manannan Mac Lir (chaotic).
 You were right-handed.
 You were in the Dungeons of Doom, on level 5.
 You entered the dungeon 1512 turns ago.
 You had 81 experience points, 79 more were needed to attain level 5.

Basics:
 You had 0 out of 31 hit points.
 You had all 28 energy points (spell power).
 Your armor class was 2.
 Your wallet contained 49 zorkmids.
 Autopickup was on for '$' plus thrown.

Final Characteristics:
 Your strength was 15 (limit:18/100).
 Your dexterity was 8 (limit:18).
 Your constitution was 13 (limit:18).
 Your intelligence was 8 (limit:18).
 Your wisdom was 15 (limit:18).
 Your charisma was 17 (limit:18).

Final Status:
 You were hungry.
 You were unencumbered.
 You were wielding a long sword.
 You had basic skill with long sword.

Final Attributes:
 You were devoutly aligned.
 You were magic-protected.
 You could jump.
 You were warded.
 You are dead.

Miscellaneous:
 You didn't encounter any bones levels.
 Total elapsed playing time was 15 minutes and 24 seconds.

Major events:
 Turn
    1: Drastanta the lawful male human Knight entered the dungeon
  961: attained the rank of Esquire (level 3)
 1512: killed by a pony

You didn't know any spells.

Skills:
 Fighting Skills
   bare handed combat [Unskilled]
   two weapon combat  [Unskilled]
   riding             [Basic]
 Weapon Skills
   dagger             [Unskilled]
   knife              [Unskilled]
   axe                [Unskilled]
   pick-axe           [Unskilled]
   short sword        [Unskilled]
   broadsword         [Unskilled]
   long sword         [Basic]
   two-handed sword   [Unskilled]
   saber              [Unskilled]
   club               [Unskilled]
   mace               [Unskilled]
   morning star       [Unskilled]
   flail              [Unskilled]
   hammer             [Unskilled]
   polearms           [Unskilled]
   spear              [Unskilled]
   trident            [Unskilled]
   lance              [Basic]
   bow                [Unskilled]
   crossbow           [Unskilled]
 Spellcasting Skills
   attack spells      [Unskilled]
   healing spells     [Unskilled]
   clerical spells    [Unskilled]

Voluntary challenges:
 Character rerolling was not enabled.
 You were an atheist.
 You never genocided any monsters.
 You never polymorphed an object.
 You never changed form.
 You used no wishes.
Achievements:
 You entered a shop.
 You attained the rank of Esquire.

 The Dungeons of Doom: levels 1 to 5
    Level 1:
    Level 2:
    Level 3:
    Level 4:
    Level 5: <- You were here.
       A general store.
       Final resting place for
          you, killed by a pony.


Vanquished creatures:
  a rock mole
  a shrieker
  2 homunculi
  2 iguanas
  a coyote
  a hobbit
  a giant rat
  3 garter snakes
  5 jackals
  a fox
  a goblin
  a sewer rat
  a grid bug
  3 lichens
  a kobold zombie
  2 newts
27 creatures vanquished.

No species were genocided or became extinct.

Game over:
                       ----------
                      /          \
                     /    REST    \
                    /      IN      \
                   /     PEACE      \
                  /                  \
                  |    Drastanta     |
                  |      49 Au       |
                  | killed by a pony |
                  |                  |
                  |                  |
                  |                  |
                  |       2026       |
                 *|     *  *  *      | *
        _________)/\\_//(\/(/\)/\//\/|_)_______

Fare thee well Drastanta the Knight...

You died in The Dungeons of Doom on dungeon level 5 with 579 points,
and 49 pieces of gold, after 1512 moves.
You were level 4 with a maximum of 31 hit points when you died.

